 Dungeon Crawl Stone Soup version 0.28.0 (webtiles) character file.

Game seed: 12731426483592352108

14838 danielguo94 the Basher (level 12, -3/73 HPs)
             Began as a Gargoyle Fighter on Feb 8, 2022.
             Was a Believer of the Shining One.
             Slain by a death yak (17 damage)
             ... on level 10 of the Dungeon.
             The game lasted 00:16:12 (11862 turns).

danielguo94 the Basher (Gargoyle Fighter)          Turns: 11862, Time: 00:16:13

Health: -3/73      AC: 34    Str: 23    XL:     12   Next: 20%
Magic:  15/15      EV:  9    Int:  9    God:    the Shining One [**....]
Gold:   770        SH:  5    Dex: 11    Spells: 11/11 levels left

rFire   . . .      SeeInvis .   b - +3 flail (protect)
rCold   . . .      Faith    .   c - +0 buckler
rNeg    + + .      Spirit   .   U - +2 chain mail {rPois}
rPois   ∞          Reflect  .   C - +2 helmet
rElec   +          Harm     .   D - scarf {shadows}
rCorr   .          Rampage  .   w - +0 pair of gloves
Will    .....                   (no boots)
Stlth   ..........              (no amulet)
HPRegen 0.22/turn               h - +4 ring of protection
MPRegen 0.14/turn               H - +4 ring of protection

@: glowing
A: sickness immunity, AC +8, negative energy resistance 1, electricity
resistance, torment resistance 1, petrification resistance
a: Renounce Religion, Divine Shield


You were on level 10 of the Dungeon.
You worshipped the Shining One.
The Shining One was pleased with you.
You visited 2 branches of the dungeon, and saw 12 of its levels.
You also visited: Sewer.

You collected 825 gold pieces.
You spent 55 gold pieces at shops.

Inventory:

Hand Weapons
 a - a +4 war axe of freezing
 b - a +3 flail of protection (weapon)
 B - a +0 morningstar
 V - a +2 flail of holy wrath
Missiles
 g - 18 poisoned darts (quivered)
 n - 366 stones
 v - 7 javelins
 y - 5 boomerangs
 G - 6 boomerangs of dispersal
 T - 3 throwing nets
Armour
 c - a +0 buckler (worn)
 w - a +0 pair of gloves (worn)
 C - a +2 helmet (worn)
 D - a scarf of shadows (worn)
 U - a +2 chain mail of poison resistance (worn)
Jewellery
 h - a +4 ring of protection (left hand)
 H - a +4 ring of protection (right hand)
 W - a ring of fire
Wands
 l - a wand of acid (11)
 z - a wand of iceblast (5)
 A - a wand of flame (28)
 J - a wand of digging (3)
 R - a wand of charming (2)
Scrolls
 f - a scroll of acquirement
 k - a scroll of fog
 o - a scroll of vulnerability {unknown}
 p - 3 scrolls of enchant armour {unknown}
 q - 7 scrolls of teleportation
 t - 3 scrolls of blinking
 u - 3 scrolls of immolation {unknown}
 x - 2 scrolls of fear {unknown}
 F - 2 scrolls of enchant weapon {unknown}
 N - a scroll of magic mapping {unknown}
 O - 2 scrolls of amnesia {unknown}
 P - 3 scrolls of torment {unknown}
 S - a scroll of summoning {unknown}
Potions
 d - 2 potions of might
 e - 2 potions of mutation
 i - 4 potions of curing
 j - 3 potions of flight {unknown}
 m - a potion of ambrosia {unknown}
 r - a potion of invisibility {unknown}
 s - a potion of berserk rage
 E - 4 potions of haste
 I - 2 potions of brilliance {unknown}
 K - 3 potions of heal wounds {unknown}
 L - a potion of cancellation {unknown}
 M - 3 potions of lignification
 Q - a potion of resistance


   Skills:
 + Level 8.0 Fighting
 * Level 14.6 Maces & Flails
 + Level 0.8 Throwing
 + Level 8.0 Armour
 + Level 4.1 Dodging
 + Level 7.0 Shields
 * Level 4.0 Invocations
 + Level 2.0 Evocations


You had 11 spell levels left.
You didn't know any spells.
Your spell library contained the following spells:

 Spells                   Type           Power      Damage    Failure   Level
 Foxfire                  Conj/Fire      0%         2x1d4     97%         1
 Ensorcelled Hibernation  Hex/Ice        0%         N/A       99%         2
 Passwall                 Tmut/Erth      0%         N/A       99%         2
 Conjure Flame            Conj/Fire      0%         6-21      100%        3
 Dazzling Flash           Conj/Hex       0%         N/A       100%        3
 Inner Flame              Hex/Fire       0%         N/A       100%        3
 Swiftness                Air            0%         N/A       100%        3
 Flame Wave               Conj/Fire      0%         2d4       100%        4
 Agony                    Necr           0%         N/A       100%        5
 Silence                  Hex/Air        0%         N/A       100%        5


Dungeon Overview and Level Annotations

Branches:
Dungeon (11/15)            Temple (1/1) D:7             Orc (0/2) D:11
  Sewer (visited)
   Lair: D:8-11

Altars:
Ashenzari
Cheibriados
Dithmenos
Elyvilon
Fedhas
Gozag
Hepliaklqana
Kikubaaqudgha
Makhleb
Nemelex Xobeh
Okawaru
Qazlal
Ru
Sif Muna
Trog
Uskayaw
Vehumet
Wu Jian
Xom
Yredelemnul
Zin
The Shining One

Shops:
D:1 !   D:10 *


Innate Abilities, Weirdness & Mutations

You are immune to sickness and miasma.
Your stone body is resilient. (AC +8)
You are immune to poison.
You resist negative energy. (rN+)
You are resistant to electric shocks. (rElec)
You are resistant to unholy torment.
You are immune to petrification.


Message History

You sock the death yak!
Your weapon exudes an aura of protection.
The death yak is lightly wounded.
The death yak gores you!
You hit the death yak but do no damage.
The death yak is lightly wounded.
The death yak gores you.
You hit the death yak but do no damage.
The death yak is lightly wounded.
The death yak gores you!
The death yak gores you but does no damage.
You climb upwards.
There is a stone staircase leading down here.
You hit the death yak.
The death yak is lightly wounded.
You hit the death yak but do no damage.
The death yak is lightly wounded.
The death yak gores you but does no damage.
You hit the death yak.
The death yak is lightly wounded.
The death yak completely misses you.
You hit the death yak.
The death yak is lightly wounded.
The death yak barely misses you.
You sock the death yak!
The death yak is moderately wounded.
You completely miss the death yak.
The death yak is moderately wounded.
The death yak gores you!
You sock the death yak!
Your weapon exudes an aura of protection.
The death yak is moderately wounded.
You sock the death yak!
The death yak is heavily wounded.
The death yak gores you!!
* * * LOW HITPOINT WARNING * * *
Okay, then.
Unknown command.
The death yak gores you!
You die...

#######..........................
.................................
......)..........................
.................................
.................................
.................................
.................................
.................................
...............Y@......))........
..........................)......
†#############..##.#######))#####
.# #..##.#§§§§§#)[# .#
#..##.#....§#..# .#
#..##....∩.§#..# .#
#..##.#....§#..#
.#############.....#§§§§§#..#####
.............^.....#######.......


You could see a death yak.

Vanquished Creatures
  Harold (D:11)
  A two-headed ogre (D:9)
  3 death yaks
  A cyclops (D:10)
  2 centaur zombies (D:10)
  Maggie (D:9)
  4 kobold demonologists
  Psyche (D:9)
  A rime drake (shapeshifter) (D:10)
  A komodo dragon (D:10)
  An unseen horror (D:9)
  A tengu conjurer (D:11)
  A queen bee (shapeshifter) (D:10)
  4 trolls
  Prince Ribbit (D:8)
  A meliai zombie (D:11)
  A vampire (D:10)
  A wraith (D:9)
  2 shadows (D:10)
  4 yaks
  A wyvern (D:11)
  3 vampire mosquitoes (D:10)
  2 steam dragons
  An acid dragon (D:10)
  2 water moccasins
  3 ice beasts
  7 orc warriors
  2 sky beasts
  2 necrophages (D:4)
  2 ogres
  3 centaurs
  5 kobold brigands
  4 bullfrogs (D:8)
  2 wyvern zombies
  A water moccasin zombie (D:5)
  2 scorpions (D:5)
  A water moccasin skeleton (D:5)
  12 killer bees
  8 wights
  4 howler monkeys
  3 bullfrog zombies (D:5)
  3 jellies
  3 gnoll shamans
  2 orc priests
  2 centaur skeletons (D:6)
  2 hounds (D:4)
  An iguana (D:6)
  A bullfrog skeleton (D:5)
  6 orc wizards
  Terence (D:2)
  A scorpion zombie (D:5)
  2 hound zombies (D:5)
  A hound skeleton (D:4)
  12 gnolls
  9 adders
  A white imp (D:6)
  An adder skeleton (D:4)
  2 worms
  A dart slug (D:1)
  29 orcs
  12 bats
  5 endoplasms
  3 giant cockroaches
  3 goblins
  10 hobgoblins
  15 jackals
  6 quokkas
  9 ball pythons
  3 frilled lizards
  16 kobolds
  4 rats
269 creatures vanquished.

Vanquished Creatures (others)
  6 fungi (D:5)
  4 plants (D:4)
10 creatures vanquished.

Grand Total: 279 creatures vanquished

Notes
Turn   | Place    | Note
-------+----------+-------------------------------------------
     0 | D:1      | danielguo94 the Gargoyle Fighter began the quest for the
                  | Orb.
     0 | D:1      | Reached XP level 1. HP: 14/14 MP: 1/1
   525 | D:1      | Reached XP level 2. HP: 17/19 MP: 2/2
   539 | D:1      | Found Reraboregh's Distillery.
   579 | D:1      | Found a faded altar of an unknown god.
   788 | D:1      | Reached XP level 3. HP: 20/24 MP: 3/3
  1097 | D:1      | Bought a potion of degeneration for 10 gold pieces
  1300 | D:2      | Reached skill level 3 in Maces & Flails
  1379 | D:2      | Reached XP level 4. HP: 29/29 MP: 4/4
  1667 | D:2      | Noticed Terence
  1686 | D:2      | Killed Terence
  1687 | D:2      | Reached XP level 5. HP: 20/33 MP: 5/5
  2161 | D:2      | Identified a scroll of acquirement
  2204 | D:3      | Reached skill level 4 in Maces & Flails
  2817 | D:4      | Noticed a necrophage
  2827 | D:4      | Killed a necrophage
  2828 | D:4      | Reached skill level 5 in Maces & Flails
  2828 | D:4      | Reached XP level 6. HP: 37/38 MP: 6/6
  2999 | D:4      | Found a glowing drain.
  3029 | D:4      | Noticed a necrophage
  3052 | D:4      | Killed a necrophage
  3053 | D:4      | Reached skill level 1 in Dodging
  3053 | D:4      | Reached XP level 7. HP: 41/44 MP: 7/7
  3082 | Sewer    | Entered a sewer
  3149 | Sewer    | Reached skill level 6 in Maces & Flails
  3674 | D:5      | Entered Level 5 of the Dungeon
  3753 | D:5      | Reached skill level 7 in Maces & Flails
  3877 | D:5      | Reached XP level 8. HP: 42/48 MP: 8/8
  3890 | D:5      | Found a basalt altar of Yredelemnul.
  3914 | D:5      | Reached skill level 5 in Fighting
  4009 | D:5      | Reached skill level 8 in Maces & Flails
  5031 | D:6      | Reached skill level 5 in Armour
  5254 | D:5      | Reached skill level 9 in Maces & Flails
  5272 | D:6      | Reached XP level 9. HP: 35/54 MP: 9/9
  5872 | D:6      | Found Bocov's Book Shop.
  6298 | D:7      | Found a staircase to the Ecumenical Temple.
  6336 | Temple   | Entered the Ecumenical Temple
  6515 | Temple   | Became a worshipper of the Shining One
  6637 | D:7      | Reached skill level 10 in Maces & Flails
  7424 | D:8      | Noticed Prince Ribbit
  7442 | D:8      | Killed Prince Ribbit
  7518 | D:8      | Reached skill level 11 in Maces & Flails
  7518 | D:8      | Reached skill level 5 in Shields
  7617 | D:8      | Noticed a troll
  7622 | D:8      | Killed a troll
  7623 | D:8      | Reached XP level 10. HP: 61/61 MP: 10/10
  8082 | D:9      | Noticed Maggie
  8087 | D:9      | Killed Maggie
  8156 | D:9      | Noticed a two-headed ogre
  8156 | D:9      | Noticed a kobold demonologist
  8307 | D:9      | Noticed an unseen horror
  8332 | D:9      | Killed an unseen horror
  8566 | D:9      | Killed a two-headed ogre
  8567 | D:9      | Reached skill level 12 in Maces & Flails
  8694 | D:9      | Noticed Psyche
  8705 | D:9      | Killed Psyche
  8706 | D:9      | Reached skill level 1 in Evocations
  8812 | D:9      | Noticed a kobold demonologist
  8813 | D:9      | Noticed a kobold demonologist
  8815 | D:9      | Killed a kobold demonologist
  8817 | D:9      | Noticed a rust devil
  8818 | D:9      | Noticed a rust devil
  8819 | D:9      | Noticed a soul eater
  8821 | D:9      | Killed a kobold demonologist
  8821 | D:9      | Killed a kobold demonologist
  8822 | D:9      | Reached XP level 11. HP: 66/66 MP: 11/11
  8956 | D:9      | Reached * piety under the Shining One
  9449 | D:10     | Entered Level 10 of the Dungeon
  9635 | D:10     | Found Ywko's Changing Room.
  9704 | D:10     | Bought a potion of lignification for 45 gold pieces
 10097 | D:10     | Reached skill level 13 in Maces & Flails
 10097 | D:10     | Reached skill level 1 in Invocations
 10181 | D:10     | Reached ** piety under the Shining One
 10753 | D:11     | Noticed a soul eater
 10786 | D:11     | Noticed a cyclops
 10786 | D:11     | Noticed a death yak
 10786 | D:11     | Noticed a death yak
 10796 | D:10     | Killed a cyclops
 10939 | D:11     | Noticed a death yak
 10939 | D:11     | Noticed a death yak
 10940 | D:11     | Noticed a death yak
 10940 | D:11     | Noticed a death yak
 10954 | D:10     | Killed a death yak
 10955 | D:10     | Reached skill level 14 in Maces & Flails
 11080 | D:11     | Noticed Harold
 11282 | D:11     | Killed Harold
 11332 | D:11     | Noticed a sixfirhy
 11336 | D:11     | Reached XP level 12. HP: 62/73 MP: 14/14
 11643 | D:11     | Found a staircase to the Orcish Mines.
 11643 | D:11     | Noticed a death yak
 11658 | D:11     | Killed a death yak
 11727 | D:10     | Killed a death yak
 11862 | D:10     | Slain by a death yak

Illustrated notes

Levels and vault maps discovered:
D:1:      dpeg_arrival_erosion, layout_loops_corners,
          dreamdust_ecumenical_altar_grove, serial_shops, shop,
          grunt_decor_arrowhead, minmay_misc_feat_plants
D:2:      layout_loops_corners, minmay_quantized, uniq_terence
D:3:      layout_loops_ring
D:4:      layout_rooms, gup_sewer_entry_glass, serial_bayou,
          serial_bayou_pond_a, serial_bayou_ford_a, serial_bayou_crossing,
          serial_bayou_pond_b
D:5:      layout_loops_cross, nicolae_yredelemnul_corpse_copse, serial_aquarium,
          aquarium_bridge_straight [aquarium_subvault_bridge,
          aquarium_subvault_window, aquarium_subvault_bridge,
          aquarium_subvault_window], aquarium_window_fake, aquarium_window_1,
          aquarium_window_corner, aquarium_window_fake, aquarium_view_2c,
          aquarium_view_2a, aquarium_pool_2, nrook_mini_backslash
D:6:      layout_rooms, serial_shops, nicolae_lakefront_shop
D:7:      layout_basic, minmay_temple_entry_butterflies, roderic_roman_lattice
D:8:      layout_loops_ring, nicolae_straight_to_the_point, uniq_prince_ribbit1
D:9:      layout_stronghold, chequers_serial_rivers_micro_b, dk_vineyard_1,
          uniq_psyche, uniq_maggie
D:10:     kennysheep_windowed_halls, layout_long_grid,
          nicolae_transmutations_shop
D:11:     layout_basic, dpeg_lair_monsters, minmay_orc_entry_temple_small,
          uniq_harold
Temple:   mainiacjoe_temple_starburst

Skill      XL: |  1  2  3  4  5  6  7  8  9 10 11 12 |
---------------+-------------------------------------+-----
Maces & Flails | 3 5 7 9 11 12 14 | 14.6
Fighting       | 4 5 6 7 8 |  8.0
Armour         | 4 5 6 7 8 |  8.0
Dodging        | 1 2 3 4 |  4.1
Shields        | 4 5 6 7 |  7.0
Evocations     | 1 2 |  2.0
Invocations    | 3 4 |  4.0
Throwing       | |  0.8

Action                   |  1- 3 |  4- 6 |  7- 9 | 10-12 || total
-------------------------+-------+-------+-------+-------++-------
Melee: Flail             |   104 |   173 |   519 |   369 ||  1165
       Morningstar       |       |       |       |   125 ||   125
Throw: Dart              |     1 |       |     9 |       ||    10
Evoke: Wand              |       |       |     3 |    17 ||    20
  Use: Scroll            |       |     4 |     2 |     2 ||     8
       Potion            |       |       |     2 |     2 ||     4
Armor: Scale mail        |    64 |    99 |   365 |   155 ||   683
       Skin              |       |       |       |     6 ||     6
       Chain mail        |       |       |       |    90 ||    90
Dodge: Dodged            |    54 |    81 |   253 |   176 ||   564
Block: Buckler           |    21 |    25 |   115 |   108 ||   269
